 Dungeon Crawl Stone Soup version 0.31-a0-219-g8d62b2e7bb (webtiles) character file.

Game seed: 16024538388850638129

55744 qw the Warrior (level 14, 0/138 HPs)
             Began as a Minotaur Hexslinger on July 3, 2023.
             Was an Elder of Okawaru.
             Incinerated by Azrael (5 damage)
             ... with a sticky flame
             ... on level 13 of the Dungeon.
             The game lasted 00:09:20 (18974 turns).

qw the Warrior (Minotaur Hexslinger)               Turns: 18974, Time: 00:09:20

Health: 0/138      AC: 23    Str: 13    XL:     14   Next: 39%
Magic:  19/20      EV: 22    Int: 10    God:    Okawaru [****..]
Gold:   830        SH:  0    Dex: 18    Spells: 14/15 levels left

rFire   . . .        o - +0 orcbow (heavy)
rCold   + . .        (shield currently unavailable)
rNeg    . . .        h - +0 acid dragon scales
rPois   .            b - +2 hat
rElec   .            r - +0 cloak
rCorr   +            m - +2 pair of gloves
SInv    .            d - +2 pair of boots
Will    +....        l - amulet of regeneration
Stlth   +            i - +4 ring of protection
HPRegen 1.23/turn    q - ring of protection from cold
MPRegen 0.17/turn

%: no passive effects
@: on fire, about to teleport, heroic, glowing
A: horns 2, retaliatory headbutt
a: Renounce Religion, Heroism, Finesse


You were on level 13 of the Dungeon.
You worshipped Okawaru.
Okawaru was greatly pleased with you.
You visited 2 branches of the dungeon, and saw 18 of its levels.

You collected 1608 gold pieces.
You spent 778 gold pieces at shops.


Innate Abilities, Weirdness & Mutations

You have a pair of horns on your head.
You reflexively headbutt those who attack you in melee.


   Skills:
 - Level 16.7(21.7) Fighting
 - Level 16.0(21.0) Ranged Weapons
 + Level 7.0(12.0) Armour
 - Level 12.0(17.0) Dodging
 - Level 1.0 Spellcasting
 - Level 2.0 Hexes
 - Level 10.0 Invocations


You had 14 spell levels left.
You knew the following spells:

 Your Spells              Type           Power      Damage    Failure   Level
a - Slow                  Hex            16%        N/A       21%         1

Your spell library contained the following spells:

 Spells                   Type           Power      Damage    Failure   Level
 Inner Flame              Hex/Fire       2%         N/A       65%         3
 Portal Projectile        Hex/Tloc       4%         N/A       65%         3
 Cause Fear               Hex            2%         N/A       89%         4

Inventory:

Hand Weapons
 o - a +0 heavy orcbow (weapon)
Armour
 b - a +2 hat (worn)
 d - a +2 pair of boots (worn)
 h - +0 acid dragon scales (worn)
 m - a +2 pair of gloves (worn)
 p - the +2 robe of Qiefas {Will+}
   (You found it on level 12 of the Dungeon)

   Will:      It increases your willpower.
 r - a +0 cloak (worn)
Jewellery
 i - a +4 ring of protection (left hand)
 l - an amulet of regeneration (around neck)
 q - a ring of protection from cold (right hand)
 Y - a +6 ring of strength
Scrolls
 c - 4 scrolls of identify
 j - 3 scrolls of teleportation
Potions
 e - 4 potions of haste
 f - 9 potions of curing
 k - 5 potions of enlightenment
 n - a potion of might

Dungeon Overview and Level Annotations

Branches:
Dungeon (13/15)            Temple (0/1) D:4            Lair (5/5) D:10
  Swamp (0/4) Lair:3       Spider (0/4) Lair:2        Slime (0/5) Lair:4
    Orc (0/2) D:11
 Vaults: D:13-14

Altars:
Ashenzari
Elyvilon
Fedhas
Hepliaklqana
Makhleb
Okawaru
Qazlal
Ru
Sif Muna
Trog
Uskayaw
Xom
The Shining One

Shops:
D:3 [   D:4 !!!   D:8 *   D:10 !

Annotations:
D:7 4 runed translucent doors, Crazy Yiuf; qw's ghost, novice MiHs
D:12 3 runed translucent doors, Roubeug's ghost, journeyman FeBe


Message History

Azrael is severely wounded.
You are covered in liquid flames!
Azrael gestures at you.
The sticky flame hits you but does no damage.
You are covered in liquid flames!
A fire elemental comes into view.
You shoot an arrow. The arrow barely misses Azrael.
You are covered in liquid flames!
Azrael gestures at you.
The fireball explodes!
The fireball engulfs you!!
The fireball engulfs Azrael.
Azrael completely resists.
18970 ||| READING 4 scrolls of teleportation.
As you read the scroll of teleportation, it crumbles to dust.
You feel strangely unstable.
You are covered in liquid flames!
Azrael howls in rage.
Azrael gestures at you. The sticky flame hits you.
You are covered in liquid flames!
18971 ||| DRINKING 2 potions of heal wounds.
You feel much better.
You are covered in liquid flames!
Azrael gestures at you. The sticky flame hits you.
You are covered in liquid flames!
18972 ||| DRINKING potion of heal wounds.
You feel much better.
You are covered in liquid flames!
Azrael gestures at you.
The sphere of damnation explodes!
The damnation engulfs you!!
The damnation engulfs Azrael.
Azrael completely resists.
You shoot an arrow. The arrow hits Azrael!!
You kill Azrael!
Okawaru is honoured by your kill.
You are covered in liquid flames!
Your base Armour skill increases to level 7!
You shoot an arrow. The arrow hits the fire elemental!
The fire elemental is heavily damaged.
You are covered in liquid flames!
You die...

.. 0.. .)# # 0.#
.# #R#.#. #0#..
#.#######%#.#
#......@E0#0#
#########...#
^^........#
#######...# #<..#
#####...#########
.................#
.........#######.#
######..## #....#


You could see a fire elemental.

Vanquished Creatures
  Azrael (D:13)
  Josephine (D:10)
  Erolcha (D:10)
  3 hydras
  A two-headed ogre (D:12)
  2 boulder beetles
  2 death yaks (Lair:5)
  Urug (D:10)
  Amaemon (D:9)
  4 skysharks
  A lindwurm (Lair:4)
  Pikel (D:7)
  An ugly thing (D:12)
  2 manticores (D:12)
  3 elephants (Lair:5)
  4 cyclopes
  Joseph (D:10)
  3 black mambas
  Maurice (D:12)
  3 gargoyles (D:12)
  An orange demon (D:9)
  2 torpor snails
  6 cane toads
  3 rime drakes
  7 komodo dragons
  5 trolls
  6 polar bears
  Grinder (D:3)
  6 hornets
  2 dream sheep (Lair:5)
  18 blink frogs
  3 slime creatures (D:12)
  14 spriggans (Lair:5)
  A culicivora (Lair:2)
  A shadow (D:11)
  5 wyverns
  44 yaks
  8 wraiths
  A water elemental (D:12)
  12 vampire mosquitoes
  2 fire elementals (D:13)
  6 humans (D:11)
  A steam dragon (D:8)
  2 basilisks
  Menkaure (D:5)
  2 acid dragons
  3 hell hounds (D:13)
  8 water moccasins
  3 swamp drakes (Lair:4)
  2 ice beasts
  2 orc warriors
  9 black bears
  4 ogres
  39 wolves
  4 boggarts (Lair:5)
  6 centaurs
  A phantom (D:6)
  3 lemures (D:7)
  6 kobold brigands
  15 bullfrogs
  2 scorpions
  2 gnoll sergeants
  9 wights (D:7)
  4 howler monkeys
  4 electric eels (D:11)
  A jelly (D:8)
  10 hounds
  4 orc priests
  3 gnoll boudas
  14 orc wizards
  6 iguanas
  6 hell rats (Lair:5)
  13 gnolls
  7 river rats (Lair:5)
  13 adders
  2 shadow imps
  12 white imps (Lair:5)
  2 ufetubi
  A worm (D:2)
  5 dart slugs
  33 orcs
  4 bats
  5 endoplasms
  17 giant cockroaches
  8 goblins
  14 hobgoblins
  7 jackals
  3 quokkas
  15 ball pythons
  4 frilled lizards
  32 kobolds
  6 rats
570 creatures vanquished.

Vanquished Creatures (others)
  A slime creature (D:12)
1 creature vanquished.

Grand Total: 571 creatures vanquished

Notes
Turn   | Place    | Note
-------+----------+-------------------------------------------
     0 | D:1      | qw the Minotaur Hexslinger began the quest for the Orb.
     0 | D:1      | Reached XP level 1. HP: 16/16 MP: 1/1
     0 | D:1      | 0 ||| qw: Version: 0.3-a-40-ge99b1a8
     0 | D:1      | 0 ||| qw: Game counter: 362
     0 | D:1      | 0 ||| qw: Melee chars always use a shield: true
     0 | D:1      | 0 ||| qw: God list: Okawaru
     0 | D:1      | 0 ||| qw: Allow faded altars: false
     0 | D:1      | 0 ||| qw: Do Orc after clearing Dungeon:15 true
     0 | D:1      | 0 ||| qw: Do second Lair branch before Depths: true
     0 | D:1      | 0 ||| qw: Lair rune preference: random
     0 | D:1      | 0 ||| qw: Goals: Normal
     0 | D:1      | 0 ||| PLANNING D:1-11
   197 | D:1      | Reached skill level 3 in Ranged Weapons
   197 | D:1      | Reached XP level 2. HP: 23/23 MP: 2/2
   351 | D:1      | 351 ||| Stepping ~*~*~tactically~*~*~ (water).
   714 | D:1      | 714 ||| UPGRADING to +0 ring mail.
   724 | D:1      | 724 ||| DROPPING +0 robe.
   725 | D:1      | 725 ||| READING scroll labelled WEALEALOERCH.
   726 | D:1      | 726 ||| DROPPING scroll of poison.
   788 | D:2      | Reached XP level 3. HP: 29/29 MP: 3/3
   890 | D:2      | Found a burning altar of Makhleb.
   905 | D:2      | Reached skill level 1 in Armour
   944 | D:2      | Reached XP level 4. HP: 29/36 MP: 4/4
  1465 | D:2      | 1465 ||| UPGRADING to +0 pair of gloves.
  1470 | D:2      | 1470 ||| UPGRADING to +4 ring of protection.
  1471 | D:2      | 1471 ||| READING 2 scrolls labelled USIRHIJ ULAQ.
  1472 | D:2      | 1472 ||| READING scroll labelled QUVYETH ZISTEA.
  1473 | D:2      | 1473 ||| READING scroll labelled BUSYNG NAQI.
  1474 | D:2      | 1474 ||| READING scroll labelled IJOOTS ROEK XEE.
  1475 | D:2      | 1475 ||| READING scroll labelled DASOWA KULELUR.
  1476 | D:2      | 1476 ||| DROPPING scroll of fog.
  1507 | D:3      | Found Jiocwet's Antique Armour Boutique.
  1513 | D:3      | 1513 ||| BUYING glowing robe (92 gold).
  1513 | D:3      | Bought a glowing robe for 92 gold pieces
  1513 | D:3      | 1513 ||| SHOPLISTING pair of boots (112 gold, have 2).
  1537 | D:3      | Found a stormy altar of Qazlal.
  1539 | D:3      | Found a glowing golden altar of the Shining One.
  1607 | D:3      | Found a broken altar of Ashenzari.
  1807 | D:3      | 1807 ||| READING scroll of enchant armour.
  1807 | D:3      | 1807 ||| ENCHANTING +0 pair of gloves.
  1866 | D:3      | Reached XP level 5. HP: 44/44 MP: 5/5
  1885 | D:3      | Noticed Grinder
  1895 | D:3      | Killed Grinder
  1896 | D:3      | Reached XP level 6. HP: 27/57 MP: 6/6
  2192 | D:3      | 2192 ||| UPGRADING to +2 robe.
  2202 | D:3      | 2202 ||| DROPPING +0 ring mail.
  2203 | D:3      | 2203 ||| READING scroll labelled YBYCAR LEFOF.
  2204 | D:3      | 2204 ||| DRINKING 2 blue potions.
  2233 | D:3      | 2233 ||| DRINKING 3 red potions.
  2234 | D:3      | 2234 ||| READING 3 scrolls of identify.
  2234 | D:3      | 2234 ||| IDENTIFYING purple potion
  2235 | D:3      | 2235 ||| READING 2 scrolls of identify.
  2235 | D:3      | 2235 ||| IDENTIFYING fuming white potion
  2236 | D:3      | 2236 ||| DROPPING potion of degeneration.
  2237 | D:3      | 2237 ||| DROPPING potion of magic.
  2238 | D:3      | 2238 ||| DROPPING potion of lignification.
  2311 | D:4      | 2311 ||| READING scroll of enchant armour.
  2311 | D:4      | 2311 ||| ENCHANTING +1 pair of gloves.
  2430 | D:4      | Found Mojoumn's Distillery.
  2436 | D:4      | 2436 ||| SHOPLISTING 2 potions of curing (72 gold, have
                  | 50).
  2436 | D:4      | 2436 ||| SHOPLISTING potion of cancellation (96 gold, have
                  | 50).
  2436 | D:4      | 2436 ||| BUYING potion of curing (36 gold).
  2436 | D:4      | Bought a potion of curing for 36 gold pieces
  2436 | D:4      | 2436 ||| SHOPLISTING potion of enlightenment (60 gold, have
                  | 14).
  2436 | D:4      | 2436 ||| SHOPLISTING potion of might (48 gold, have 14).
  2463 | D:4      | Found an iron altar of Okawaru.
  2464 | D:4      | 2464 ||| PLANNING OKAWARU WORSHIP
  2580 | D:4      | Noticed an ice beast
  2586 | D:4      | Killed an ice beast
  2587 | D:4      | Reached skill level 6 in Ranged Weapons
  2587 | D:4      | Reached XP level 7. HP: 62/62 MP: 7/7
  2719 | D:4      | Found a staircase to the Ecumenical Temple.
  2720 | D:4      | 2720 ||| UPGRADING to +0 pair of boots.
  2725 | D:4      | 2725 ||| READING 3 scrolls labelled GEEHAY WITORCH.
  2726 | D:4      | 2726 ||| READING 2 scrolls of identify.
  2726 | D:4      | 2726 ||| IDENTIFYING ruby potion
  2727 | D:4      | 2727 ||| DROPPING 2 scrolls of amnesia.
  2776 | D:4      | Became a worshipper of Warmaster Okawaru
  2777 | D:4      | 2777 ||| PLANNING D:1-11
  2827 | D:4      | 2827 ||| Stepping ~*~*~tactically~*~*~ (outnumbered).
  2836 | D:4      | 2836 ||| DRINKING 3 potions of curing.
  2836 | D:4      | 2836 ||| (to cure confusion)
  2844 | D:4      | 2844 ||| DRINKING 2 potions of curing.
  2844 | D:4      | 2844 ||| (to cure confusion)
  3062 | D:4      | Found Ukham's Distillery.
  3062 | D:4      | Found Buir's Distillery.
  3070 | D:4      | 3070 ||| BUYING potion of curing (42 gold).
  3070 | D:4      | Bought a potion of curing for 42 gold pieces
  3070 | D:4      | 3070 ||| BUYING potion of haste (140 gold).
  3070 | D:4      | Bought a potion of haste for 140 gold pieces
  3070 | D:4      | 3070 ||| SHOPLISTING potion of heal wounds (70 gold, have
                  | 21).
  3070 | D:4      | 3070 ||| SHOPLISTING potion of might (56 gold, have 21).
  3105 | D:4      | 3105 ||| SHOPLISTING 2 potions of mutation (224 gold, have
                  | 21).
  3105 | D:4      | 3105 ||| SHOPLISTING potion of cancellation (112 gold, have
                  | 21).
  3105 | D:4      | 3105 ||| SHOPLISTING potion of magic (112 gold, have 21).
  3105 | D:4      | 3105 ||| SHOPLISTING potion of mutation (112 gold, have
                  | 21).
  3105 | D:4      | 3105 ||| SHOPLISTING potion of resistance (140 gold, have
                  | 21).
  3441 | D:4      | 3441 ||| DROPPING ring of wizardry.
  3442 | D:4      | 3442 ||| READING scroll labelled INKYLOHOCEP.
  3540 | D:4      | 3540 ||| DRINKING 2 amethyst potions.
  3541 | D:4      | 3541 ||| READING 2 scrolls of identify.
  3541 | D:4      | 3541 ||| IDENTIFYING fuming ruby potion
  3542 | D:4      | 3542 ||| DROPPING potion of attraction.
  3571 | D:5      | Entered Level 5 of the Dungeon
  3903 | D:5      | Reached skill level 3 in Dodging
  3909 | D:5      | 3909 ||| FLEEEEING.
  3910 | D:5      | 3910 ||| FLEEEEING.
  3911 | D:5      | 3911 ||| FLEEEEING.
  3912 | D:5      | 3912 ||| FLEEEEING.
  3923 | D:5      | Reached * piety under Okawaru
  3924 | D:5      | Reached XP level 8. HP: 40/70 MP: 8/8
  4004 | D:5      | 4004 ||| INVOKING Heroism.
  4032 | D:5      | Noticed Menkaure
  4040 | D:5      | Killed Menkaure
  4041 | D:5      | Reached skill level 9 in Ranged Weapons
  4049 | D:5      | 4049 ||| Stepping ~*~*~tactically~*~*~ (water).
  4214 | D:5      | Reached skill level 6 in Fighting
  4214 | D:5      | Reached skill level 1 in Invocations
  4376 | D:6      | 4376 ||| INVOKING Heroism.
  4664 | D:6      | Found a hide-covered altar of Uskayaw.
  4758 | D:6      | 4758 ||| SWAPPING to +0 shortbow.
  4761 | D:6      | 4761 ||| DROPPING +2 sling.
  4858 | D:6      | Found a hazy altar of Hepliaklqana.
  5012 | D:6      | 5012 ||| READING scroll labelled DASO MYICWEXT.
  5017 | D:6      | 5017 ||| READING 2 scrolls of identify.
  5017 | D:6      | 5017 ||| IDENTIFYING white potion
  5018 | D:6      | 5018 ||| DROPPING potion of berserk rage.
  5075 | D:7      | Found a runed translucent gate.
  5075 | D:7      | Found a runed translucent gate.
  5079 | D:7      | Found a runed translucent gate.
  5124 | D:7      | Found a runed translucent door.
  5125 | D:7      | Noticed Crazy Yiuf
  5187 | D:7      | Noticed qw's ghost (novice MiHs)
  5249 | D:7      | Reached skill level 3 in Invocations
  5268 | D:7      | 5268 ||| INVOKING Heroism.
  5464 | D:7      | Noticed Pikel
  5465 | D:7      | 5465 ||| INVOKING Heroism.
  5499 | D:7      | Killed Pikel
  5499 | D:7      | Reached ** piety under Okawaru
  5500 | D:7      | Reached XP level 9. HP: 45/75 MP: 9/11
  5503 | D:7      | 5503 ||| INVOKING Heroism.
  5503 | D:7      | Identified the +5 halberd "Bimno" {protect, rElec Will+
                  | Dex-3}
  5940 | D:7      | 5940 ||| READING 2 scrolls of identify.
  5940 | D:7      | 5940 ||| IDENTIFYING fuming red potion
  5968 | D:8      | 5968 ||| STAIRDANCE
  6043 | D:8      | 6043 ||| STAIRDANCE
  6047 | D:7      | 6047 ||| INVOKING Heroism.
  6057 | D:7      | Reached *** piety under Okawaru
  6255 | D:8      | Found a bloodstained altar of Trog.
  6301 | D:8      | 6301 ||| INVOKING Heroism.
  6327 | D:8      | 6327 ||| INVOKING Heroism.
  6401 | D:8      | 6401 ||| SWAPPING to +0 orcbow.
  6402 | D:8      | 6402 ||| DROPPING +0 shortbow.
  6448 | D:8      | 6448 ||| INVOKING Heroism.
  6468 | D:8      | 6468 ||| READING scroll of enchant armour.
  6468 | D:8      | 6468 ||| ENCHANTING +0 pair of boots.
  6483 | D:8      | 6483 ||| INVOKING Heroism.
  6493 | D:8      | Reached skill level 12 in Ranged Weapons
  6633 | D:8      | 6633 ||| INVOKING Heroism.
  6730 | D:8      | 6730 ||| INVOKING Heroism.
  6815 | D:8      | 6815 ||| INVOKING Heroism.
  6822 | D:8      | Reached XP level 10. HP: 88/88 MP: 9/12
  7381 | D:8      | Found Piej's Assorted Antiques.
  7384 | D:8      | 7384 ||| BUYING 2 scrolls of identify (104 gold).
  7384 | D:8      | Bought 2 scrolls of identify for 104 gold pieces
  7384 | D:8      | 7384 ||| BUYING scroll labelled PUAGIXTEOTY (26 gold).
  7384 | D:8      | Bought a scroll labelled PUAGIXTEOTY for 26 gold pieces
  7384 | D:8      | 7384 ||| BUYING scroll labelled WAEDDA UTUHU (26 gold).
  7384 | D:8      | Bought a scroll labelled WAEDDA UTUHU for 26 gold pieces
  7423 | D:8      | Found a white marble altar of Elyvilon.
  7478 | D:8      | 7478 ||| DROPPING +6 ring of intelligence.
  7479 | D:8      | 7479 ||| READING scroll labelled PUAGIXTEOTY.
  7480 | D:8      | 7480 ||| READING scroll labelled WAEDDA UTUHU.
  7481 | D:8      | 7481 ||| READING 4 scrolls of identify.
  7481 | D:8      | 7481 ||| IDENTIFYING dark potion
  7482 | D:8      | 7482 ||| READING 3 scrolls of identify.
  7482 | D:8      | 7482 ||| IDENTIFYING sedimented orange potion
  7483 | D:8      | 7483 ||| READING 2 scrolls of identify.
  7483 | D:8      | 7483 ||| IDENTIFYING sapphire potion
  7484 | D:8      | 7484 ||| DROPPING potion of ambrosia.
  7559 | D:9      | 7559 ||| INVOKING Heroism.
  7575 | D:9      | Reached skill level 6 in Dodging
  7707 | D:9      | Noticed an orange demon
  7707 | D:9      | Noticed Amaemon
  7708 | D:9      | 7708 ||| INVOKING Heroism.
  7727 | D:9      | 7727 ||| INVOKING Heroism.
  7732 | D:9      | HP: 21/88 [poisoned by Amaemon]
  7733 | D:9      | 7733 ||| READING 2 scrolls of teleportation.
  7734 | D:9      | 7734 ||| DRINKING 4 potions of heal wounds.
  7736 | D:9      | 7736 ||| DRINKING 3 potions of heal wounds.
  7736 | D:9      | Found a shimmering blue altar of Sif Muna.
  7739 | D:9      | HP: 22/88 [poisoned by a scorpion]
  7744 | D:9      | HP: 12/88 [poisoned by a scorpion]
  7749 | D:9      | HP: 9/88 [poisoned by a scorpion]
  8070 | D:9      | 8070 ||| INVOKING Heroism.
  8085 | D:9      | 8085 ||| DRINKING 5 potions of curing.
  8085 | D:9      | 8085 ||| (to cure bad poison)
  8095 | D:9      | Killed an orange demon
  8096 | D:9      | HP: 21/88 [scorpion[Amaemon] (3)]
  8097 | D:9      | 8097 ||| READING scroll of teleportation.
  8098 | D:9      | 8098 ||| DRINKING 2 potions of heal wounds.
  8104 | D:9      | HP: 20/88 [poisoned by a scorpion]
  8109 | D:9      | HP: 16/88 [poisoned by a scorpion]
  8556 | D:9      | 8556 ||| INVOKING Heroism.
  8560 | D:9      | 8560 ||| DRINKING 4 potions of curing.
  8560 | D:9      | 8560 ||| (to cure confusion)
  8586 | D:9      | Found a blossoming altar of Fedhas.
  8607 | D:9      | Found a sacrificial altar of Ru.
  8669 | D:9      | 8669 ||| Stepping ~*~*~tactically~*~*~ (outnumbered).
  8674 | D:9      | 8674 ||| Stepping ~*~*~tactically~*~*~ (outnumbered).
  8677 | D:9      | 8677 ||| DRINKING 3 potions of curing.
  8677 | D:9      | 8677 ||| (to cure confusion)
  8678 | D:9      | 8678 ||| DRINKING 2 potions of curing.
  8678 | D:9      | 8678 ||| (to cure confusion)
  8693 | D:9      | 8693 ||| INVOKING Heroism.
  8697 | D:9      | 8697 ||| DRINKING potion of curing.
  8697 | D:9      | 8697 ||| (to cure confusion)
  8712 | D:9      | HP: 21/88 [poisoned by Amaemon]
  8713 | D:9      | 8713 ||| READING scroll of teleportation.
  8714 | D:9      | 8714 ||| DRINKING potion of heal wounds.
  8716 | D:9      | Killed Amaemon
  9133 | D:9      | 9133 ||| READING 2 scrolls of identify.
  9133 | D:9      | 9133 ||| IDENTIFYING pink potion
  9134 | D:9      | 9134 ||| DROPPING potion of brilliance.
  9141 | D:10     | Entered Level 10 of the Dungeon
  9147 | D:10     | 9147 ||| STAIRDANCE
  9161 | D:9      | 9161 ||| INVOKING Heroism.
  9233 | D:10     | 9233 ||| STAIRDANCE
  9244 | D:9      | Reached skill level 9 in Fighting
  9343 | D:10     | Noticed Josephine
  9361 | D:10     | 9361 ||| INVOKING Heroism.
  9364 | D:10     | Killed Josephine
  9486 | D:10     | 9486 ||| FLEEEEING.
  9487 | D:10     | 9487 ||| FLEEEEING.
  9492 | D:10     | 9492 ||| FLEEEEING.
  9493 | D:10     | 9493 ||| FLEEEEING.
  9494 | D:10     | 9494 ||| FLEEEEING.
  9495 | D:10     | 9495 ||| FLEEEEING.
  9496 | D:10     | 9496 ||| FLEEEEING.
  9497 | D:10     | 9497 ||| FLEEEEING.
  9498 | D:10     | 9498 ||| FLEEEEING.
  9499 | D:10     | 9499 ||| FLEEEEING.
  9500 | D:10     | 9500 ||| FLEEEEING.
  9501 | D:10     | 9501 ||| FLEEEEING.
  9502 | D:10     | 9502 ||| FLEEEEING.
  9505 | D:10     | 9505 ||| STAIRDANCE
  9589 | D:10     | Noticed Joseph
  9598 | D:10     | 9598 ||| FLEEEEING.
  9609 | D:10     | Killed Joseph
  9675 | D:10     | Found a staircase to the Lair.
  9834 | D:10     | Noticed Erolcha
  9835 | D:10     | 9835 ||| INVOKING Heroism.
  9845 | D:10     | Killed Erolcha
  9846 | D:10     | Reached XP level 11. HP: 65/97 MP: 11/13
  9863 | D:10     | 9863 ||| FLEEEEING.
  9864 | D:10     | 9864 ||| FLEEEEING.
  9865 | D:10     | 9865 ||| FLEEEEING.
  9866 | D:10     | 9866 ||| FLEEEEING.
  9867 | D:10     | 9867 ||| FLEEEEING.
  9868 | D:10     | 9868 ||| FLEEEEING.
  9869 | D:10     | 9869 ||| FLEEEEING.
  9870 | D:10     | 9870 ||| STAIRDANCE
  9961 | D:10     | Found Fetz's Distillery.
  9984 | D:10     | 9984 ||| INVOKING Heroism.
 10116 | D:10     | Found a shimmering altar of Xom.
 10150 | D:10     | 10150 ||| INVOKING Heroism.
 10331 | D:10     | 10331 ||| INVOKING Heroism.
 10520 | D:10     | Noticed Urug
 10521 | D:10     | 10521 ||| INVOKING Heroism.
 10538 | D:10     | Killed Urug
 10889 | D:11     | 10889 ||| STAIRDANCE
 10943 | D:11     | 10943 ||| INVOKING Heroism.
 11010 | D:10     | 11010 ||| BUYING potion of cancellation (104 gold).
 11010 | D:10     | Bought a potion of cancellation for 104 gold pieces
 11010 | D:10     | 11010 ||| BUYING potion of curing (39 gold).
 11010 | D:10     | Bought a potion of curing for 39 gold pieces
 11010 | D:10     | 11010 ||| BUYING potion of curing (39 gold).
 11010 | D:10     | Bought a potion of curing for 39 gold pieces
 11010 | D:10     | 11010 ||| BUYING potion of enlightenment (65 gold).
 11010 | D:10     | Bought a potion of enlightenment for 65 gold pieces
 11010 | D:10     | 11010 ||| BUYING potion of enlightenment (65 gold).
 11010 | D:10     | Bought a potion of enlightenment for 65 gold pieces
 11010 | D:10     | 11010 ||| PLANNING LAIR
 11066 | Lair:1   | Entered Level 1 of the Lair of Beasts
 11127 | Lair:1   | Reached skill level 15 in Ranged Weapons
 11136 | Lair:1   | Reached **** piety under Okawaru
 11139 | Lair:1   | 11139 ||| INVOKING Heroism.
 11244 | Lair:1   | 11244 ||| INVOKING Heroism.
 11259 | Lair:1   | 11259 ||| FLEEEEING.
 11260 | Lair:1   | 11260 ||| FLEEEEING.
 11261 | Lair:1   | 11261 ||| FLEEEEING.
 11262 | Lair:1   | 11262 ||| INVOKING Heroism.
 11367 | Lair:1   | 11367 ||| DRINKING 2 potions of cancellation.
 11368 | Lair:1   | 11368 ||| DRINKING potion of cancellation.
 11445 | Lair:1   | 11445 ||| INVOKING Heroism.
 11879 | Lair:1   | 11879 ||| INVOKING Heroism.
 11883 | Lair:1   | Received a gift from Okawaru
 12176 | Lair:1   | 12176 ||| INVOKING Heroism.
 12258 | Lair:1   | 12258 ||| UPGRADING to amulet of regeneration.
 12263 | Lair:1   | 12263 ||| READING 2 scrolls labelled MOUDIT ZEQEZXOUPS.
 12264 | Lair:1   | 12264 ||| READING scroll labelled MUOKKI XEIZXU.
 12265 | Lair:1   | 12265 ||| DROPPING scroll of noise.
 12295 | Lair:2   | 12295 ||| INVOKING Heroism.
 12366 | Lair:2   | Found a hole to the Spider Nest.
 12485 | Lair:2   | Noticed a skyshark
 12491 | Lair:2   | 12491 ||| INVOKING Heroism.
 12497 | Lair:2   | Killed a skyshark
 12498 | Lair:2   | Reached XP level 12. HP: 41/108 MP: 12/15
 12761 | Lair:2   | Reached skill level 6 in Invocations
 12973 | Lair:2   | 12973 ||| DROPPING amulet of guardian spirit.
 12974 | Lair:2   | 12974 ||| READING scroll labelled MAPPIS QOEZUPO.
 13075 | Lair:2   | 13075 ||| READING 2 scrolls of identify.
 13075 | Lair:2   | 13075 ||| IDENTIFYING viscous red potion
 13106 | Lair:3   | 13106 ||| FLEEEEING.
 13107 | Lair:3   | 13107 ||| STAIRDANCE
 13111 | Lair:3   | 13111 ||| STAIRDANCE
 13125 | Lair:3   | 13125 ||| STAIRDANCE
 13127 | Lair:2   | 13127 ||| INVOKING Heroism.
 13135 | Lair:2   | Reached skill level 3 in Armour
 13177 | Lair:3   | 13177 ||| INVOKING Heroism.
 13291 | Lair:3   | Found a staircase to the Swamp.
 13336 | Lair:3   | 13336 ||| INVOKING Heroism.
 13369 | Lair:3   | 13369 ||| INVOKING Heroism.
 13480 | Lair:3   | 13480 ||| INVOKING Heroism.
 13483 | Lair:3   | Reached skill level 9 in Dodging
 13488 | Lair:3   | Received a gift from Okawaru
 13733 | Lair:3   | 13733 ||| INVOKING Heroism.
 14006 | Lair:4   | 14006 ||| STAIRDANCE
 14141 | Lair:4   | Found a staircase to the Slime Pits.
 14189 | Lair:4   | Noticed a seven-headed hydra
 14190 | Lair:4   | 14190 ||| INVOKING Heroism.
 14194 | Lair:4   | Killed a seven-headed hydra
 14252 | Lair:4   | 14252 ||| DRINKING 2 potions of resistance.
 14266 | Lair:4   | Reached skill level 12 in Fighting
 14328 | Lair:4   | 14328 ||| DRINKING potion of resistance.
 14341 | Lair:4   | Reached ***** piety under Okawaru
 14351 | Lair:4   | Identified the +12 whip of Laceration {venom, Fragile
                  | +Blink rN+ Int+4}
 14445 | Lair:4   | 14445 ||| INVOKING Heroism.
 14475 | Lair:4   | Received a gift from Okawaru
 14718 | Lair:4   | 14718 ||| INVOKING Heroism.
 14725 | Lair:4   | Reached skill level 9 in Invocations
 14764 | Lair:4   | 14764 ||| INVOKING Heroism.
 14823 | Lair:4   | 14823 ||| INVOKING Heroism.
 14887 | Lair:4   | Noticed an eight-headed hydra
 14888 | Lair:4   | 14888 ||| INVOKING Heroism.
 14892 | Lair:4   | Killed an eight-headed hydra
 15012 | Lair:4   | 15012 ||| READING 2 scrolls of identify.
 15012 | Lair:4   | 15012 ||| IDENTIFYING black potion
 15013 | Lair:4   | 15013 ||| DROPPING potion of invisibility.
 15033 | Lair:5   | Entered Level 5 of the Lair of Beasts
 15065 | Lair:5   | 15065 ||| INVOKING Heroism.
 15071 | Lair:5   | Reached XP level 13. HP: 67/118 MP: 17/19
 15173 | Lair:5   | Found a frozen archway.
 15210 | Lair:5   | 15210 ||| INVOKING Heroism.
 15265 | Lair:5   | 15265 ||| INVOKING Heroism.
 15275 | Lair:5   | 15275 ||| INVOKING Heroism.
 15302 | Lair:5   | 15302 ||| INVOKING Heroism.
 15493 | Lair:5   | 15493 ||| INVOKING Heroism.
 15721 | Lair:5   | 15721 ||| INVOKING Heroism.
 15887 | Lair:5   | 15887 ||| INVOKING Heroism.
 15936 | Lair:5   | 15936 ||| INVOKING Heroism.
 15944 | Lair:5   | 15944 ||| INVOKING Finesse.
 15996 | Lair:5   | 15996 ||| INVOKING Heroism.
 16094 | Lair:5   | 16094 ||| INVOKING Heroism.
 16152 | Lair:5   | 16152 ||| INVOKING Heroism.
 16219 | Lair:5   | Paralysed by a hornet for 1 turns
 16276 | Lair:5   | 16276 ||| INVOKING Heroism.
 16281 | Lair:5   | 16281 ||| Stepping ~*~*~tactically~*~*~ (outnumbered).
 16299 | Lair:5   | Reached skill level 15 in Fighting
 16371 | Lair:5   | 16371 ||| INVOKING Heroism.
 16458 | Lair:5   | Reached skill level 12 in Dodging
 16712 | Lair:5   | 16712 ||| PLANNING D:1-11
 16970 | D:11     | 16970 ||| FLEEEEING.
 17153 | D:11     | 17153 ||| READING scroll of enchant armour.
 17153 | D:11     | 17153 ||| ENCHANTING +1 pair of boots.
 17347 | D:11     | 17347 ||| Stepping ~*~*~tactically~*~*~ (outnumbered).
 17416 | D:11     | Found a staircase to the Orcish Mines.
 17487 | D:11     | Reached XP level 14. HP: 133/135 MP: 20/20
 17499 | D:11     | Identified the +8 scale mail of the Hidden Vale {Rampage
                  | rC++ rCorr Dex-5} (Okawaru gifted it to you on level 11 of
                  | the Dungeon)
 17499 | D:11     | Received a gift from Okawaru
 17825 | D:11     | 17825 ||| PLANNING D
 17825 | D:11     | 17825 ||| UPGRADING to +2 hat.
 17830 | D:11     | 17830 ||| DROPPING ring of ice.
 17831 | D:11     | 17831 ||| UPGRADING to +6 ring of strength.
 17832 | D:11     | 17832 ||| UPGRADING to ring of protection from cold.
 18220 | D:12     | Identified the +2 robe of Qiefas {Will+}
 18258 | D:12     | Noticed Maurice
 18264 | D:12     | Killed Maurice
 18457 | D:12     | Found a runed translucent gate.
 18457 | D:12     | Found a runed translucent gate.
 18460 | D:12     | Noticed Roubeug's ghost (journeyman FeBe)
 18463 | D:12     | Found a runed translucent gate.
 18507 | D:12     | 18507 ||| INVOKING Heroism.
 18508 | D:12     | 18508 ||| INVOKING Finesse.
 18692 | D:12     | 18692 ||| UPGRADING to +0 acid dragon scales.
 18702 | D:12     | 18702 ||| DROPPING +2 robe.
 18703 | D:12     | 18703 ||| UPGRADING to +0 cloak.
 18726 | D:13     | 18726 ||| STAIRDANCE
 18729 | D:12     | 18729 ||| INVOKING Heroism.
 18844 | D:13     | Reached skill level 6 in Armour
 18844 | D:13     | 18844 ||| STAIRDANCE
 18943 | D:13     | 18943 ||| Stepping ~*~*~tactically~*~*~ (outnumbered).
 18946 | D:13     | Noticed Azrael
 18947 | D:13     | 18947 ||| INVOKING Heroism.
 18952 | D:13     | 18952 ||| Stepping ~*~*~tactically~*~*~ (outnumbered).
 18967 | D:13     | 18967 ||| INVOKING Heroism.
 18969 | D:13     | HP: 33/138 [burnt (3)]
 18969 | D:13     | HP: 16/138 [Azrael/fireball (19)]
 18970 | D:13     | 18970 ||| READING 4 scrolls of teleportation.
 18971 | D:13     | 18971 ||| DRINKING 2 potions of heal wounds.
 18972 | D:13     | 18972 ||| DRINKING potion of heal wounds.
 18973 | D:13     | Killed Azrael
 18973 | D:13     | HP: 3/138 [burnt (5)]
 18974 | D:13     | Incinerated by Azrael

Levels and vault maps discovered:
D:1:      beargit_arrival_diablo_church, layout_basic,
          chequers_serial_rivers_small_b, dreamdust_princess_bridge
D:2:      layout_basic, basic_altar, minmay_divided_ellipse
D:3:      minmay_roachtagon, layout_rooms, nicolae_ashenzari_skybound,
          minitemple, serial_shops, shop, st_stairs_1, corexii_shack,
          dk_vineyard_3, chequers_decorated_corner, corexii_corridor_pit,
          hangedman_feature_mirror, amethyst_killhole, uniq_grinder
D:4:      layout_basic, mainiacjoe_overflow_brackets,
          minmay_temple_entry_gardened_gates, serial_shops,
          nicolae_shop_tiny_statue_garden, nicolae_wooded_promenade,
          nicolae_eternal_life, minmay_gold_behind_fungi, minmay_snake_closets
D:5:      layout_rooms, serial_bayou, serial_bayou_pond_a, serial_bayou_pond_d,
          serial_bayou_shore_b, serial_bayou_ford_a, serial_bayou_crossing,
          serial_bayou_pond_e, uniq_menkaure
D:6:      layout_basic, nzn_hepliaklqana_mist_gate, lemuel_round_altar,
          hex_large, reono_crystal_passage
D:7:      layout_loops_ring, gammafunk_ghost_icy, enter_bailey_2,
          uniq_crazy_yiuf_cottage, uniq_pikel
D:8:      kennysheep_housing_project, layout_basic, lemuel_tele_altar,
          bloody_trog, serial_shops, kennysheep_mini_moat,
          hangedman_decor_diamond_cutter
D:9:      layout_irregular_city, mainiacjoe_overflow_chevrons, fedhas_altar_2,
          mainiacjoe_overflow_cross_hatched, grunt_ogre_cave, uniq_amaemon
D:10:     layout_irregular_city, lemuel_round_altar, david_lair_shrubbed,
          nicolae_take_the_stairs, uniq_urug, uniq_josephine, uniq_joseph,
          uniq_erolcha
D:11:     erik_cavepeople, layout_basic, minmay_orc_entry_temple_small
D:12:     layout_basic, gammafunk_ghost_hydra_chop, fungi_pond_lemuel,
          kennysheep_generic_room_7, uniq_maurice
D:13:     layout_loops_ring, uniq_azrael
Lair:1:   layout_cave_pods, beast_lair_carwin_6, grunt_megastairs_1
Lair:2:   layout_gridlike, spider_nest_entry_rubble
Lair:3:   layout_small_grid, swamp_mist, beast_lair_carwin_8,
          infiniplex_staircase_pool
Lair:4:   cheibrodos_lair_overgrown_chateau, layout_loops_ring, slime_entry_1,
          pond, lemuel_fruit_fields
Lair:5:   minmay_lair_end_enchanted_forest, layout_cave_pods,
          portal_ice_cave_entry_imps, kennysheep_rathole

Skill      XL: |  1  2  3  4  5  6  7  8  9 10 11 12 13 14 |
---------------+-------------------------------------------+-----
Ranged Weapons | 3 4 5 6 8 10 12 14 16 | 16.0
Fighting       | 2 5 6 8 9 10 12 15 16 | 16.7
Armour         | 1 2 3 4 7 |  7.0
Dodging        | 3 5 7 8 10 12 | 12.0
Invocations    | 4 5 9 10 | 10.0
Spellcasting   | |  1.0
Hexes          | |  2.0

Action                     |  1- 3 |  4- 6 |  7- 9 | 10-12 | 13-15 || total
---------------------------+-------+-------+-------+-------+-------++-------
   Fire: Sling             |    94 |   156 |   267 |       |       ||   517
         Shortbow          |       |       |   209 |       |       ||   209
         Orcbow            |       |       |    74 |   890 |   627 ||  1591
 Invoke: Heroism           |       |       |    13 |    35 |    17 ||    65
         Finesse           |       |       |       |       |     2 ||     2
    Use: Scroll            |     1 |    10 |     8 |    14 |     2 ||    35
         Potion            |       |     2 |     3 |    13 |     2 ||    20
 Armour: Robe              |     3 |     7 |   112 |   174 |    92 ||   388
         Ring mail         |     7 |    18 |       |       |       ||    25
         Acid dragon scale |       |       |       |       |    25 ||    25
  Dodge: Dodged            |    19 |    42 |   183 |   497 |   431 ||  1172

Table legend:
 A = Non-vault XP
 B = Vault XP
 C = Vault XP percentage of total XP
 D = Non-vault monster count
 E = Vault monster count
 F = Vault count percentage of total count
                 A         B        C        D         E       F
            +---------+---------+-------+---------+---------+-------
      Total |   44790 |   34845 |  43.8 |     334 |     234 |  41.2
            +---------+---------+-------+---------+---------+-------
        D:1 |      34 |       0 |   0.0 |      21 |       0 |   0.0
        D:2 |      87 |      39 |  31.0 |      20 |      13 |  39.4
        D:3 |      12 |     305 |  96.2 |       6 |      15 |  71.4
        D:4 |     490 |      62 |  11.2 |      26 |      10 |  27.8
        D:5 |     675 |     172 |  20.3 |      21 |       1 |   4.5
        D:6 |     357 |       0 |   0.0 |       8 |       0 |   0.0
        D:7 |    1434 |     607 |  29.7 |      21 |       1 |   4.5
        D:8 |     418 |    1042 |  71.4 |       9 |      30 |  76.9
        D:9 |    1085 |    1929 |  64.0 |      29 |       6 |  17.1
       D:10 |    2173 |    3836 |  63.8 |      21 |       7 |  25.0
       D:11 |    1366 |    2701 |  66.4 |      19 |      22 |  53.7
       D:12 |    9592 |    2311 |  19.4 |      31 |       5 |  13.9
       D:13 |     511 |    1830 |  78.2 |       1 |       6 |  85.7
     Lair:1 |    1727 |    2980 |  63.3 |       7 |      14 |  66.7
     Lair:2 |    3771 |     223 |   5.6 |      18 |       1 |   5.3
     Lair:3 |    4463 |    2016 |  31.1 |      19 |      11 |  36.7
     Lair:4 |    2168 |    5249 |  70.8 |       9 |      23 |  71.9
     Lair:5 |   14427 |    9543 |  39.8 |      48 |      69 |  59.0
            +---------+---------+-------+---------+---------+-------
